 Dungeon Crawl Stone Soup version 0.28-a0-732-g75e6d9beac (webtiles) character file.

Game seed: 10798310888371913943

2403 Ijustatesigmund the Shield-Bearer (level 9, -1/74 HPs)
             Began as a Gnoll Fighter on Oct 29, 2021.
             Was a Believer of Cheibriados.
             Slain by Maggie (2 damage)
             ... on level 6 of the Dungeon.
             The game lasted 00:10:02 (8089 turns).

Ijustatesigmund the Shield-Bearer (Gnoll Fighter)   Turns: 8089, Time: 00:10:02

Health: -1/74      AC:  8    Str: 21    XL:     9   Next: 47%
Magic:  6/15       EV: 12    Int: 19    God:    Cheibriados [**....]
Gold:   289        SH:  6    Dex: 17    Spells: 12/16 levels left

rFire   . . .      SeeInvis .   a - +2 war axe (freeze)
rCold   + . .      Faith    .   c - +0 buckler
rNeg    . . .      Spirit   .   b - +0 scale mail
rPois   .          Reflect  .   (no helmet)
rElec   +          Harm     .   (no cloak)
rCorr   .          Rampage  .   (no gloves)
Will    .....                   (no boots)
Stlth   +.........              (no amulet)
HPRegen 0.22/turn               w - ring "Tanapt" {rElec rC+ Int+4}
MPRegen 0.14/turn               B - ring of wizardry

@: mighty, attractive, very slow
A: fangs 1, strong nose, distributed training
a: Renounce Religion, Bend Time


You were on level 6 of the Dungeon.
You worshipped Cheibriados.
Cheibriados was pleased with you.
You visited 2 branches of the dungeon, and saw 7 of its levels.

You collected 289 gold pieces.

Inventory:

Hand Weapons
 a - a +2 war axe of freezing (weapon)
 n - a +0 flail of protection
Missiles
 o - 2 throwing nets
 A - 5 curare-tipped darts (quivered)
Armour
 b - a +0 scale mail (worn)
 c - a +0 buckler (worn)
Jewellery
 e - a ring of fire
 s - a ring of magical power
 w - the ring "Tanapt" (left hand) {rElec rC+ Int+4}
   (You found it on level 4 of the Dungeon)

   [ring of protection from cold]

   Int:       It affects your intelligence (+4).
   rC:        It protects you from cold.
   rElec:     It insulates you from electricity.
 B - a ring of wizardry (right hand)
Wands
 C - a wand of mindburst (9)
Scrolls
 g - a scroll of immolation {unknown}
 h - 3 scrolls of teleportation {unknown}
 i - a scroll of magic mapping {unknown}
 j - a scroll of noise {unknown}
 k - a scroll of amnesia {unknown}
 q - 2 scrolls of enchant weapon {unknown}
 r - 4 scrolls of identify {unknown}
 t - 2 scrolls of blinking {unknown}
 y - a scroll of vulnerability {unknown}
 z - a scroll of fear {unknown}
 D - a scroll of enchant armour {unknown}
 E - a scroll of torment {unknown}
Potions
 f - a potion of flight {unknown}
 l - a potion of attraction
 p - a potion of brilliance {unknown}
 u - 2 potions of mutation {unknown}
 v - 2 potions of ambrosia {unknown}
 x - 3 potions of curing {unknown}


   Skills:
 + Level 7.9 Fighting
 + Level 4.2 Short Blades
 + Level 4.2 Long Blades
 + Level 6.3 Axes
 + Level 4.2 Maces & Flails
 + Level 4.2 Polearms
 + Level 4.2 Staves
 + Level 4.2 Slings
 + Level 4.2 Bows
 + Level 4.2 Crossbows
 + Level 4.2 Throwing
 + Level 7.9 Armour
 + Level 4.2 Dodging
 + Level 4.2 Stealth
 + Level 7.9 Shields
 + Level 4.2 Unarmed Combat
 + Level 4.2 Spellcasting
 + Level 3.5 Conjurations
 + Level 3.5 Hexes
 + Level 3.5 Summonings
 + Level 3.5 Necromancy
 + Level 3.5 Translocations
 + Level 3.5 Transmutations
 + Level 3.5 Fire Magic
 + Level 3.5 Ice Magic
 + Level 3.5 Air Magic
 + Level 3.5 Earth Magic
 + Level 3.5 Poison Magic
 + Level 4.7 Invocations
 + Level 4.2 Evocations


You had 12 spell levels left.
You knew the following spells:

 Your Spells              Type           Power      Damage    Failure   Level
a - Passwall              Tmut/Erth      14%        N/A       4%          2
b - Ensorcelled Hibernat  Hex/Ice        34%        N/A       4%          2

Your spell library contained the following spells:

 Spells                   Type           Power      Damage    Failure   Level
 Pain                     Necr           68%        1d7       3%          1
 Sandblast                Erth           34%        2d9       3%          1
 Spider Form              Tmut/Pois      8%         N/A       9%          3
 Stone Arrow              Conj/Erth      34%        3d9       9%          3
 Animate Armour           Summ/Erth      34%        N/A       28%         4
 Olgreb's Toxic Radiance  Pois           17%        N/A       28%         4
 Agony                    Necr           17%        N/A       61%         5
 Excruciating Wounds      Necr           8%         N/A       61%         5
 Ozocubu's Refrigeration  Ice            8%         4d6       100%        7
 Ignition                 Fire           8%         3d5       100%        8
 Lehudib's Crystal Spear  Conj/Erth      8%         10d4      100%        8


Dungeon Overview and Level Annotations

Branches:
Dungeon (6/15)             Temple (1/1) D:4

Altars:
Ashenzari
Cheibriados
Dithmenos
Elyvilon
Hepliaklqana
Kikubaaqudgha
Makhleb
Okawaru
Qazlal
Ru
Uskayaw
Vehumet
Yredelemnul
The Shining One

Annotations:
D:4 1 runed translucent door, Heedrag's ghost, novice MiFi
D:6 Maggie; Prince Ribbit


Innate Abilities, Weirdness & Mutations

You have very sharp teeth.
Your uncanny sense of smell can sniff out nearby items.
Your experience applies equally to all skills.


Message History

* * * LOW HITPOINT WARNING * * *
It was a potion of attraction.
You feel attractive to monsters.
Maggie hits you with a +0 war axe of flaming.
* * * LOW HITPOINT WARNING * * *
Maggie burns you.
* * * LOW HITPOINT WARNING * * *
Okay, then.
It was a potion of heal wounds.
You feel much better. You block Maggie's attack.
Casting: Ensorcelled Hibernation (safe; 4% risk of failure)
Confirm with . or Enter, or press ? or * to list all spells.
Aiming: Ensorcelled Hibernation (safe; 4% risk of failure)
Press: ? - help, Shift-Dir - straight line, f/p - Maggie
Aim: Maggie, wielding a +0 war axe of flaming and wearing +0 steam dragon scales (chance to affect: 48%) Maggie looks drowsy...
The helpless Maggie fails to defend herself.
You slash Maggie! You freeze Maggie.
Maggie is lightly wounded.
Maggie hits you with a +0 war axe of flaming.
* * * LOW HITPOINT WARNING * * *
Maggie burns you.
* * * LOW HITPOINT WARNING * * *
You feel very mighty all of a sudden. Maggie misses you.
You slash Maggie! You freeze Maggie.
Maggie is moderately wounded.
Maggie misses you. Maggie barely misses you.
You slash Maggie! You freeze Maggie.
Maggie is severely wounded.
Maggie hits you with a +0 war axe of flaming!
* * * LOW HITPOINT WARNING * * *
Maggie burns you.
* * * LOW HITPOINT WARNING * * *
You barely miss Maggie. You bite Maggie.
Maggie is severely wounded.
Maggie hits you with a +0 war axe of flaming.
* * * LOW HITPOINT WARNING * * *
Maggie burns you.
You die...

######### #........
###### #[.......
.....####### #........
..##.##....#####@.....(.
..'............'@†.>....
..##..#....#####........
####..#....# #........
####..#....# #........
...#..#....# ...######
##.#))#....# ...#
##.#))#....# ?..#
##<#..###### ...[.
####..#######


You could see Maggie.

Vanquished Creatures
  Pikel (D:5)
  A water moccasin (D:6)
  2 ice beasts
  A black bear (D:5)
  A necrophage (D:6)
  An ogre (D:5)
  A centaur (D:6)
  A lemure (D:5)
  A phantom (D:6)
  A bullfrog (D:4)
  3 scorpions
  A wyvern zombie (D:4)
  A water moccasin zombie (D:5)
  A howler monkey (D:5)
  2 jellies
  3 hounds
  6 orc priests
  4 iguanas
  3 orc wizards
  A hound zombie (D:4)
  14 adders
  7 gnolls
  A shadow imp (D:6)
  3 ufetubi
  3 adder skeletons (D:4)
  A worm (D:5)
  A dart slug (D:1)
  15 orcs
  9 endoplasms
  A giant cockroach (D:4)
  5 hobgoblins
  8 jackals
  A quokka (D:4)
  4 ball pythons
  5 bats
  7 frilled lizards
  8 goblins
  6 kobolds
  6 rats
141 creatures vanquished.

Vanquished Creatures (others)
  16 fungi
  2 plants (D:1)
18 creatures vanquished.

Grand Total: 159 creatures vanquished

Notes
Turn   | Place    | Note
-------+----------+-------------------------------------------
     0 | D:1      | Ijustatesigmund the Gnoll Fighter began the quest for the
                  | Orb.
     0 | D:1      | Reached XP level 1. HP: 23/23 MP: 1/1
   104 | D:1      | Found a faded altar of an unknown god.
   145 | D:1      | Reached XP level 2. HP: 26/29 MP: 2/2
   740 | D:2      | Reached XP level 3. HP: 34/35 MP: 3/3
   776 | D:2      | Reached skill level 1 in Invocations
  1449 | D:3      | Reached skill level 1 in Short Blades
  1449 | D:3      | Reached skill level 1 in Long Blades
  1449 | D:3      | Reached skill level 1 in Maces & Flails
  1449 | D:3      | Reached skill level 1 in Polearms
  1449 | D:3      | Reached skill level 1 in Staves
  1449 | D:3      | Reached skill level 1 in Slings
  1449 | D:3      | Reached skill level 1 in Bows
  1449 | D:3      | Reached skill level 1 in Crossbows
  1449 | D:3      | Reached skill level 1 in Throwing
  1449 | D:3      | Reached skill level 1 in Dodging
  1449 | D:3      | Reached skill level 1 in Stealth
  1449 | D:3      | Reached skill level 1 in Unarmed Combat
  1449 | D:3      | Reached skill level 1 in Spellcasting
  1449 | D:3      | Reached skill level 1 in Evocations
  1479 | D:2      | Reached XP level 4. HP: 31/41 MP: 5/5
  1894 | D:3      | Reached skill level 1 in Conjurations
  1894 | D:3      | Reached skill level 1 in Hexes
  1894 | D:3      | Reached skill level 1 in Summonings
  1894 | D:3      | Reached skill level 1 in Necromancy
  1894 | D:3      | Reached skill level 1 in Translocations
  1894 | D:3      | Reached skill level 1 in Transmutations
  1894 | D:3      | Reached skill level 1 in Fire Magic
  1894 | D:3      | Reached skill level 1 in Ice Magic
  1894 | D:3      | Reached skill level 1 in Air Magic
  1894 | D:3      | Reached skill level 1 in Earth Magic
  1894 | D:3      | Reached skill level 1 in Poison Magic
  1909 | D:3      | Found a hide-covered altar of Uskayaw.
  2060 | D:3      | Reached XP level 5. HP: 28/47 MP: 6/6
  2663 | D:4      | Reached XP level 6. HP: 38/53 MP: 8/8
  2969 | D:4      | Found a staircase to the Ecumenical Temple.
  2996 | Temple   | Entered the Ecumenical Temple
  3265 | Temple   | Became a worshipper of Cheibriados the Contemplative
  3420 | D:4      | Reached skill level 5 in Axes
  4054 | D:4      | Reached XP level 7. HP: 23/59 MP: 10/10
  4472 | D:4      | Identified the ring "Tanapt" {rElec rC+ Int+4}
  4919 | D:4      | Found a runed translucent door.
  4933 | D:4      | Noticed Heedrag's ghost (novice MiFi)
  5024 | D:4      | Reached * piety under Cheibriados
  5400 | D:5      | Entered Level 5 of the Dungeon
  5595 | D:5      | Noticed Pikel
  5609 | D:5      | Killed Pikel
  5610 | D:5      | Reached XP level 8. HP: 40/67 MP: 12/12
  5848 | D:5      | Found a white marble altar of Elyvilon.
  5848 | D:5      | Found an iron altar of Okawaru.
  5849 | D:5      | Found a broken altar of Ashenzari.
  6075 | D:5      | Reached ** piety under Cheibriados
  6576 | D:5      | Reached XP level 9. HP: 50/72 MP: 14/14
  6876 | D:5      | Learned a level 2 spell: Passwall
  6879 | D:5      | Learned a level 2 spell: Ensorcelled Hibernation
  7678 | D:6      | Noticed Prince Ribbit
  8069 | D:6      | Noticed Maggie
  8082 | D:6      | HP: 3/74 [Maggie (1)]
  8089 | D:6      | HP: 1/74 [Maggie (3)]
  8089 | D:6      | Slain by Maggie

Illustrated notes

Levels and vault maps discovered:
D:1:      evilmike_arrival_fibonacci_small, layout_basic,
          shapermc_ecumenical_altar_mp_ritualfount
D:2:      layout_basic
D:3:      layout_rooms, mainiacjoe_overflow_chevrons
D:4:      minmay_opposing_rooms, layout_basic, temple_statues,
          ebering_ghost_reflecting_pool, minmay_a_box_with_orc_wizards_in_it
D:5:      layout_basic, gammafunk_temple_overflow_claw,
          hellmonk_bongcloud_opening, kennysheep_generic_room_5, uniq_pikel
D:6:      layout_basic, serial_shops, shop_fountains, minmay_puff, uniq_maggie,
          uniq_prince_ribbit1
Temple:   jpeg_temple_alley_garden

Skill      XL: |  1  2  3  4  5  6  7  8  9 |
---------------+----------------------------+-----
Invocations    | 1 2 3 4 |  4.7
Short Blades   | 1 2 3 4 |  4.2
Long Blades    | 1 2 3 4 |  4.2
Maces & Flails | 1 2 3 4 |  4.2
Polearms       | 1 2 3 4 |  4.2
Staves         | 1 2 3 4 |  4.2
Slings         | 1 2 3 4 |  4.2
Bows           | 1 2 3 4 |  4.2
Crossbows      | 1 2 3 4 |  4.2
Throwing       | 1 2 3 4 |  4.2
Dodging        | 1 2 3 4 |  4.2
Stealth        | 1 2 3 4 |  4.2
Unarmed Combat | 1 2 3 4 |  4.2
Spellcasting   | 1 2 3 4 |  4.2
Evocations     | 1 2 3 4 |  4.2
Conjurations   | 1 2 3 |  3.5
Hexes          | 1 2 3 |  3.5
Summonings     | 1 2 3 |  3.5
Necromancy     | 1 2 3 |  3.5
Translocations | 1 2 3 |  3.5
Transmutations | 1 2 3 |  3.5
Fire Magic     | 1 2 3 |  3.5
Ice Magic      | 1 2 3 |  3.5
Air Magic      | 1 2 3 |  3.5
Earth Magic    | 1 2 3 |  3.5
Poison Magic   | 1 2 3 |  3.5
Axes           | 5 6 |  6.3
Fighting       | 7 |  7.9
Armour         | 7 |  7.9
Shields        | 7 |  7.9

Action                   |  1- 3 |  4- 6 |  7- 9 || total
-------------------------+-------+-------+-------++-------
Melee: War axe           |   100 |   128 |   226 ||   454
       Bite              |     2 |    10 |    29 ||    41
Throw: Throwing net      |       |     2 |       ||     2
       Dart              |       |       |     4 ||     4
 Cast: Ensorcelled Hiber |       |       |    15 ||    15
  Use: Potion            |       |       |     3 ||     3
 Stab: Sleeping          |       |       |     4 ||     4
Armor: Scale mail        |    46 |    47 |    96 ||   189
Dodge: Dodged            |    56 |    64 |   100 ||   220
Block: Buckler           |    24 |    30 |    84 ||   138

Table legend: (Time is in decaauts)
 A = Elapsed time spent in this place.
 B = Non-inter-level travel time spent in this place.
 C = Inter-level travel time spent in this place.
 D = Time resting spent in this place.
 E = Time spent auto-exploring this place.
 F = Levels seen in this place.
 G = Mean time per level.
                   A        B        C        D        E       F      G
               +--------+--------+--------+--------+--------+-----+--------+
         Total |   8815 |   8494 |    321 |   2514 |   4813 |   7 | 1259.3 |
       Dungeon |   8493 |   8282 |    211 |   2514 |   4607 |   6 | 1415.5 |
        Temple |    321 |    212 |    109 |      0 |    206 |   1 |  321.0 |
               +--------+--------+--------+--------+--------+-----+--------+

Top non-repeatable levels by time:
     D:4: 2716 daAuts
     D:5: 1815 daAuts
     D:6: 1326 daAuts
     D:2: 978 daAuts
     D:3: 906 daAuts
     D:1: 751 daAuts
  Temple: 321 daAuts
